 Dungeon Crawl Stone Soup version 0.32-a0-468-g38b2580584 (webtiles) character file.

Game seed: 14754014505258316707

302044 Ruich the Warrior (level 21, -1/146 HPs)
             Began as a Tengu Berserker on Feb 25, 2024.
             Was a High Priest of Trog.
             Killed from afar by an ironbound thunderhulk (40 damage)
             ... with a bolt of lightning
             ... on level 4 of the Vaults.
             The game lasted 01:36:51 (54886 turns).

Ruich the Warrior (Tengu Berserker)                Turns: 54886, Time: 01:36:52

Health: -1/146     AC: 32    Str: 27    XL:     21   Next: 5%
Magic:  5/7        EV: 33    Int:  9    God:    Trog [*****.]
Gold:   3260       SH: 20    Dex: 14    Spells: 20/20 levels left

rFire   + . .        a - +8 broad axe (antimagic)
rCold   + . .        O - +1 kite shield {rC+}
rNeg    + . .        F - +5 plate armour "Camyogunk" {+Blink Will+}
rPois   +            M - +2 hat
rElec   .            K - +2 cloak
rCorr   +            m - +2 pair of gloves {infuse}
SInv    .            (boots unavailable)
Will    +++..        B - amulet of reflection Stlth
                     Z - ring of Masug {rF+ Will+ rCorr}
HPRegen 0.44/turn    d - ring "Vuesusao" {rPois rN+ Slay+2}
MPRegen 0.10/turn

%: reflection, acrobat, infuse magic (1 MP)
@: acrobatic, flying, studying Long Blades
A: beak, talons 3, evasive flight, acrobatic
}: 2/15 runes: decaying, gossamer
a: Renounce Religion, Evoke Blink, Berserk, Trog's Hand, Brothers in Arms


You were on level 4 of the Vaults.
You worshipped Trog.
Trog was extremely pleased with you.
You visited 6 branches of the dungeon, and saw 34 of its levels.
You also visited: Ice Cave.

You collected 3881 gold pieces.
You spent 621 gold pieces at shops.


Innate Abilities, Weirdness & Mutations

You have a beak for a mouth.
You have claws for feet.
Your magical flight helps you evade attacks. (EV +4)
You can magically evade attacks while moving or waiting.


   Skills:
 - Level 20.0 Fighting
 - Level 18.0 Axes
 + Level 16.6 Armour
 + Level 16.6 Dodging
 - Level 10.0 Stealth
 + Level 16.3 Shields


You had 20 spell levels left.
You didn't know any spells.
Your spell library was empty.

Inventory:

Hand Weapons
 a - a +8 antimagic broad axe (weapon)
 D - a +0 antimagic battleaxe
 H - a +3 broad axe of flaming
 T - a +0 demon whip of venom
Missiles
 v - 6 curare-tipped darts (quivered) {=f}
 w - 5 silver javelins
Armour
 l - a +0 tower shield
 m - a +2 pair of gloves of infusion (worn)
 F - the +5 plate armour "Camyogunk" (worn) {+Blink Will+}
   (You found it on level 2 of the Vaults)

   Will+:     It increases your willpower.
   +Blink:    It lets you blink.
 K - a +2 cloak (worn)
 M - a +2 hat (worn)
 O - a +1 kite shield of cold resistance (worn)
Jewellery
 d - the ring "Vuesusao" (right hand) {rPois rN+ Slay+2}
   (You found it on level 11 of the Dungeon)

   [ring of positive energy]

   Slay+2:    It affects your accuracy & damage with ranged weapons and melee
   (+2).
   rPois:     It protects you from poison rN+: It protects you from negative
   energy.
 B - an amulet of reflection (around neck)
 L - a ring of see invisible
 Z - the ring of Masug (left hand) {rF+ Will+ rCorr}
   (You found it on level 2 of the Spider Nest)

   [ring of protection from fire]

   rF+:       It protects you from fire.
   Will+:     It increases your willpower.
   rCorr:     It protects you from acid and corrosion.
Wands
 n - a wand of flame (147)
 q - a wand of polymorph (27)
 y - a wand of charming (22)
 A - a wand of roots (17)
 P - a wand of light (16)
 S - a wand of mindburst (20)
 Y - a wand of digging (9)
Scrolls
 b - 3 scrolls of blinking
 c - 6 scrolls of revelation
 g - 4 scrolls of poison
 h - 4 scrolls of immolation
 r - 4 scrolls of fear
 s - 3 scrolls of fog
 u - a scroll of noise
 x - 12 scrolls of identify {@r1}
 C - 8 scrolls of vulnerability
 E - 10 scrolls of teleportation {@r2}
 R - 3 scrolls of enchant armour
 V - a scroll of silence {!r}
Potions
 e - 6 potions of mutation
 f - 9 potions of heal wounds {@q2}
 i - 3 potions of resistance
 j - 5 potions of lignification
 k - 7 potions of attraction
 o - 12 potions of ambrosia
 p - 20 potions of curing {@q1}
 t - 4 potions of berserk rage {!q}
 G - 4 potions of enlightenment
 I - 4 potions of haste {@q3}
 N - 3 potions of might
 Q - 6 potions of magic
 U - a potion of cancellation
 W - a potion of invisibility
Miscellaneous
 z - a tin of tremorstones (2/2)
 J - a lightning rod (4/4)

Dungeon Overview and Level Annotations

Branches:
Dungeon (15/15)            Temple (0/1) D:4            Lair (5/5) D:8
  Swamp (4/4) Lair:3       Spider (4/4) Lair:3        Slime (0/5) Lair:5
    Orc (2/2) D:9             Elf (0/3) Orc:2        Vaults (4/5) D:14
  Crypt (0/3) Vaults:2     Depths (0/4) D:15          IceCv (visited)

Altars:
Ashenzari
Cheibriados
Dithmenos
Elyvilon
Fedhas
Gozag
Hepliaklqana
Nemelex Xobeh
Okawaru
Qazlal
Sif Muna
Uskayaw
Xom
The Shining One
Jiyva

Shops:
D:2 [   D:5 ?[!   D:7 (   D:10 [   D:12 :   Orc:2 ([=* Vaults:2

* *,,,,,,,,* *,,,,*,#.,,,* #
*,,,,,,,,* *,,,,*,#....* #
*,,,,∩,,,* *,,,,*,#....* #
*,,,,,,,,* *,,,,*,#...,* #
******+**###############'########
,,,,,,,,,........................
,,,,,,,,,........................
,,,,,,,,,....O..................)
,,,,,,,,,.......@................
,,,,,,,,,........................
*********#########†##############
#...)........* # #............* #
*************#............* #
*,,,,*,,*,,,,#............* #
*,,,,+,,+,,,.'............* #
*,,,,*,,*,,..#............* #


You could see an ironbound thunderhulk.


Message History

Your kick misses the ironbound convoker.
You peck the ironbound convoker, but do no damage.
The ironbound convoker is almost dead.
You block the ironbound convoker's attack.
Your iron troll misses the ironbound convoker.
Your iron troll closely misses the ironbound convoker.
Your iron troll claws the ironbound convoker!
The ironbound convoker dies!
Trog accepts your kill.
Trog appreciates your killing of a magic user.
Things that are here:
a +0 morningstar; a +0 ring mail You start resting.
Your iron troll rages. x2
Your iron troll is no longer berserk.
Your iron troll disappears in a puff of smoke!
An ironbound thunderhulk comes into view.
It is wielding a +0 dire flail.
The ironbound thunderhulk shouts!
Electricity crackles from the ironbound thunderhulk's apparatus.
* * * LOW HITPOINT WARNING * * *
Things that are here:
a +0 morningstar; a +0 ring mail Electricity crackles from the ironbound thunderhulk's apparatus.
* * * LOW HITPOINT WARNING * * *
There is an open door, spattered with blood here.
You see here the fire dragon corpse of Xtahua.
Electricity crackles from the ironbound thunderhulk's apparatus.
The bolt of lightning misses you.
Electricity crackles from the ironbound thunderhulk's apparatus.
You die...

Skill      XL: |  1  2  3  4  5  6  7  8  9 10 11 12 13 14 15 16 17 18 19 20 |
---------------+-------------------------------------------------------------+-----
Axes           | 4 5 6 8 10 11 13 15 16 17 18 | 18.0
Armour         | 3 4 5 7 9 10 12 13 15 16 | 16.6
Dodging        | 3 4 5 7 9 10 12 13 15 16 | 16.6
Fighting       | 4 5 6 8 9 10 11 14 15 17 19 20 | 20.0
Shields        | 4 7 10 11 12 13 15 16 | 16.3
Stealth        | 5 10 | 10.0

Action                     |  1- 3 |  4- 6 |  7- 9 | 10-12 | 13-15 | 16-18 | 19-21 || total
---------------------------+-------+-------+-------+-------+-------+-------+-------++-------
  Melee: Hand axe          |    73 |   112 |   236 |   113 |       |       |       ||   534
         Kick              |    13 |    32 |    72 |   138 |   368 |   683 |   397 ||  1703
         Peck              |     8 |    18 |    39 |    87 |   200 |   427 |   270 ||  1049
         War axe           |       |       |       |   325 |   420 |       |       ||   745
         Whip              |       |       |       |     7 |       |       |       ||     7
         Broad axe         |       |       |       |       |   500 |  1493 |   855 ||  2848
         Demon whip        |       |       |       |       |    11 |    36 |       ||    47
 Invoke: Berserk           |     1 |     2 |     5 |     7 |    11 |     8 |     5 ||    39
         Trog's Hand       |       |       |     5 |     3 |     4 |     2 |     9 ||    23
         Brothers in Arms  |       |       |       |       |     2 |     2 |     3 ||     7
  Evoke: Wand              |       |       |       |     3 |       |       |       ||     3
    Use: Scroll            |       |       |     7 |     9 |    11 |    11 |     3 ||    41
   Stab: Sleeping          |     1 |       |       |       |       |       |       ||     1
         Distracted        |       |       |       |       |     2 |     1 |       ||     3
 Armour: Leather armour    |    36 |    51 |    28 |   161 |    28 |       |       ||   304
         Ring mail         |       |       |    38 |    17 |       |       |       ||    55
         Swamp dragon scal |       |       |       |    10 |       |       |       ||    10
         Chain mail        |       |       |       |       |   384 |   643 |   230 ||  1257
         Plate armour      |       |       |       |       |       |       |   182 ||   182
  Dodge: Dodged            |    64 |    66 |   157 |   208 |   413 |   659 |   434 ||  2001
  Block: Tower shield      |       |       |       |   234 |       |       |       ||   234
         Reflection        |       |       |       |     6 |    38 |    26 |    55 ||   125
         Kite shield       |       |       |       |    67 |   810 |  1345 |   872 ||  3094

Levels and vault maps discovered:
D:1:      minmay_arrival_arboretum_large, layout_basic
D:2:      layout_basic, serial_shops, nicolae_shop_overgrown_old_shop,
          shapermc_ecumenical_altar_mp_highgroup, dk_vineyard_1,
          corner_web_ring, uniq_sigmund
D:3:      minmay_roachtagon, layout_basic, kennysheep_slug_shrine,
          nicolae_uskayaw_dance_hall, mainiacjoe_overflow_24_doors,
          gammafunk_temple_overflow_wave, guppyfry_early_orc_mine
D:4:      layout_cave_pools, nicolae_tso_besieged_by_evil,
          minmay_temple_entry_mini_moons, uniq_crazy_yiuf_cottage
D:5:      layout_loops_cross, mainiacjoe_overflow_alcove_4, grunt_gozag_statues,
          serial_shops, shop, shop, nicolae_shop_stone
D:6:      layout_basic, old_standard_altar, nicolae_dithmenos_the_darkroom,
          uniq_pikel, uniq_grinder, uniq_edmund, uniq_jeremiah, uniq_duvessa
D:7:      layout_basic, serial_shops, shop, uniq_menkaure, uniq_maggie
D:8:      layout_cave_pools, old_standard_altar,
          mainiacjoe_overflow_concentric_impassable,
          mainiacjoe_overflow_alcove_1, erik_lair_island
D:9:      layout_roguey, cheibrodos_ashenzari_chains, orc_0_dummy
D:10:     layout_basic, serial_shops, shop, the_hattery
D:11:     layout_basic, special_room [special_room_bee]
D:12:     layout_loops_ring, serial_shops, shop, serial_bayou_lagoon_b
D:13:     layout_big_octagon, minmay_misc_feat_columns, uniq_lodul
D:14:     nicolae_whirlpool, layout_irregular_city, david_vaults_2,
          nicolae_two_hexagons, serial_bayou_pond_b, worms_lemuel
D:15:     gammafunk_depths_entry_grave, layout_layer_cave, solitary_fountain,
          minmay_bent
Lair:1:   cheibrodos_lair_river_kwai, layout_regular_city,
          cheibrodos_lair_lostbears, grunt_megastairs_4,
          infiniplex_staircase_pool_2, uniq_gastronok
Lair:2:   layout_loops_ring, portal_ice_cave_entry_imps, nzn_sisyphean_effort,
          lemuel_fruit_tree, uniq_amaemon, uniq_nergalle
Lair:3:   layout_gridlike, skrybe_swamp_entry_bodies,
          nicolae_spider_entry_tight_spaces, serial_bayou, serial_bayou_shore_a,
          serial_bayou_pond_b, serial_bayou_lake_a, serial_bayou_ford_a,
          serial_bayou_lagoon_a, serial_bayou_crossing, serial_bayou_shore_b
Lair:4:   layout_hall_layers, nicolae_quartered_pool_medium, uniq_rupert,
          uniq_nessos
Lair:5:   evilmike_catoblepas_cave, layout_gridlike, dpeg_slime_entry_enclosed,
          grunt_megastairs_2
Swamp:1:  layout_basic_swamp, evilmike_swamp_ruin_rubble_2, swamp_pool_3,
          nzn_swamp_blast_mining
Swamp:2:  layout_basic_swamp, evilmike_swamp_ruin_house_1, swamp_pool_4
Swamp:3:  layout_basic_swamp, nicolae_swamp_feature_on_the_river_bank,
          swamp_pool_1_2, infiniplex_staircase_pool
Swamp:4:  nzn_swamp_witches_coven, layout_basic_swamp
Spider:1: spiders_nest_scorpion_pit
Spider:2: layout_spider_delve, drop_trap, nicolae_spider_moth_buddies
Spider:3: layout_spider_delve, nicolae_spider_undead_wolf_pack
Spider:4: grunt_spider_rune_parallel, drop_trap
Orc:1:    layout_caves
Orc:2:    grunt_orc_gardens, layout_caves, grunt_orc_garden, grunt_orc_garden,
          grunt_orc_garden, grunt_orc_garden, uniq_maurice
Vaults:1: nicolae_vaults_network_quinsquares
          [nicolae_vaults_network_quincunx_subvault,
          nicolae_vaults_network_quincunx_subvault,
          nicolae_vaults_network_quincunx_subvault,
          nicolae_vaults_network_quincunx_subvault], vaults_room_fours,
          nicolae_vaults_heist, nicolae_vaults_three_branches, vaults_room_pool,
          v_misc_27, v_pattern_2, nicolae_vaults_enemy_cabinets,
          nicolae_vaults_little_squares_5, serial_ice_g, nicolae_vaults_house_3,
          nicolae_vaults_little_squares_1, layout_vaults_ring
Vaults:2: minmay_crypt_entry_simple_statues, vaults_standard_mumra_x,
          nicolae_vaults_heart-shaped_vault, nicolae_vaults_little_squares_1,
          nicolae_vaults_trapezoid_4, vaults_dpeg_ring, ontoclasm_vaults_fault,
          nicolae_vaults_tetromino_Z_1, ontoclasm_vaults_pinch,
          layout_vaults_big_room, serial_shops, shop
Vaults:3: nicolae_vaults_mini_display_case, nicolae_vaults_trapezoid_lopsided_2,
          v_misc_30, nicolae_vaults_wine_cellar, v_misc_28, v_misc_30,
          nicolae_vaults_network_s, nicolae_vaults_surprise_closet_hard,
          layout_vaults_omnigrid
Vaults:4: v_misc_12, nicolae_vaults_little_squares_2, v_misc_11,
          vaults_mumra_minichess_inversion, v_misc_1, nicolae_vaults_turnstiles,
          serial_ice_h, v_misc_10, ontoclasm_vaults_shuriken,
          nicolae_vaults_holding_cells, nicolae_vaults_house_1,
          layout_vaults_big_cross, serial_shops, shop, uniq_xtahua

Notes
Turn   | Place    | Note
-------+----------+-------------------------------------------
     0 | D:1      | Ruich the Tengu Berserker began the quest for the Orb.
     0 | D:1      | Reached XP level 1. HP: 14/14 MP: 2/2
   125 | D:1      | Reached XP level 2. HP: 14/19 MP: 3/3
   619 | D:2      | Reached XP level 3. HP: 23/23 MP: 4/4
   835 | D:2      | Reached ** piety under Trog
   848 | D:2      | Found a faded altar of an unknown god.
   898 | D:2      | Reached skill level 4 in Axes
   944 | D:2      | Reached XP level 4. HP: 28/28 MP: 5/5
  1010 | D:2      | Found Uclishr Umamu's Antique Armour Shop.
  1090 | D:2      | Noticed Sigmund
  1097 | D:2      | Killed Sigmund
  1098 | D:2      | Reached skill level 5 in Axes
  1098 | D:2      | Reached skill level 3 in Armour
  1098 | D:2      | Reached skill level 3 in Dodging
  1098 | D:2      | Reached XP level 5. HP: 33/33 MP: 6/6
  1098 | D:2      | Reached XP level 6. HP: 38/38 MP: 7/7
  1464 | D:3      | Reached skill level 4 in Fighting
  1705 | D:3      | Found an iron altar of Okawaru.
  1894 | D:3      | Found a hide-covered altar of Uskayaw.
  1947 | D:3      | Reached *** piety under Trog
  2060 | D:3      | Found a snail-covered altar of Cheibriados.
  2079 | D:3      | Found a blossoming altar of Fedhas.
  2079 | D:3      | Found a shimmering blue altar of Sif Muna.
  2316 | D:2      | Bought a pair of runed gloves for 202 gold pieces
  2373 | D:4      | Reached skill level 4 in Armour
  2374 | D:4      | Reached skill level 4 in Dodging
  2374 | D:4      | Gained mutation: Your magical flight helps you evade
                  | attacks. (EV +4) [Tengu growth]
  2374 | D:4      | Reached XP level 7. HP: 23/44 MP: 0/8
  2579 | D:4      | Reached skill level 6 in Axes
  2705 | D:4      | Found a glowing golden altar of the Shining One.
  2847 | D:4      | Found a staircase to the Ecumenical Temple.
  3213 | D:4      | Found a runed translucent door.
  3214 | D:4      | Noticed Crazy Yiuf
  3292 | D:4      | Killed Crazy Yiuf
  3345 | D:5      | Entered Level 5 of the Dungeon
  3471 | D:5      | Found Opuwkis's Antique Armour Emporium.
  3511 | D:5      | Found Xuju's Distillery.
  3519 | D:5      | Bought a potion of curing for 39 gold pieces
  3557 | D:5      | Reached **** piety under Trog
  3560 | D:5      | Reached XP level 8. HP: 48/48 MP: 7/9
  3649 | D:5      | Found a white marble altar of Elyvilon.
  3682 | D:5      | Found an opulent altar of Gozag.
  3692 | D:5      | Found Leumil's Magic Scroll Shop.
  3698 | D:5      | Bought a scroll of identify for 30 gold pieces
  3809 | D:5      | Reached skill level 5 in Fighting
  3809 | D:5      | Reached skill level 7 in Axes
  3867 | D:5      | Reached skill level 5 in Armour
  3867 | D:5      | Reached skill level 5 in Dodging
  4243 | D:6      | Noticed a wyvern
  4249 | D:6      | Killed a wyvern
  4323 | D:6      | Noticed Edmund
  4332 | D:6      | Reached skill level 8 in Axes
  4338 | D:6      | Killed Edmund
  4404 | D:6      | Noticed Grinder
  4404 | D:6      | Noticed Dowan
  4404 | D:6      | Noticed Duvessa
  4413 | D:6      | Killed Duvessa
  4414 | D:6      | Reached XP level 9. HP: 55/55 MP: 5/10
  4415 | D:6      | Noticed Pikel
  4417 | D:6      | Reached skill level 6 in Dodging
  4422 | D:6      | Killed Dowan
  4423 | D:6      | Reached skill level 6 in Armour
  4434 | D:6      | Killed Grinder
  4435 | D:6      | Reached skill level 6 in Fighting
  4442 | D:6      | Killed Pikel
  4443 | D:6      | Reached skill level 9 in Axes
  4775 | D:6      | Found a shadowy altar of Dithmenos.
  4814 | D:6      | Found a stormy altar of Qazlal.
  4945 | D:6      | Noticed Jeremiah
  5021 | D:6      | HP: 6/84 [Jeremiah/divine providence (11)]
  5031 | D:6      | Killed Jeremiah
  5032 | D:6      | Reached skill level 10 in Axes
  5032 | D:6      | Reached skill level 7 in Armour
  5032 | D:6      | Reached skill level 7 in Dodging
  5315 | D:6      | Reached XP level 10. HP: 50/61 MP: 4/11
  5737 | D:7      | Noticed a two-headed ogre
  5746 | D:7      | Killed a two-headed ogre
  5747 | D:7      | Reached skill level 7 in Fighting
  6110 | D:7      | Noticed Menkaure
  6116 | D:7      | Killed Menkaure
  6253 | D:7      | Noticed Maggie
  6285 | D:7      | Killed Maggie
  6286 | D:7      | Reached skill level 1 in Shields
  6518 | D:7      | Found Impaopeoff's Weapon Boutique.
  6526 | D:7      | Bought a +0 broad axe for 56 gold pieces
  6673 | D:7      | Reached skill level 11 in Axes
  6673 | D:7      | Reached skill level 2 in Shields
  6933 | D:8      | Found a sparkling altar of Nemelex Xobeh.
  6935 | D:8      | Identified the +3 leather armour "Ivihear" {Rampage rElec
                  | rPois Dex-5}
  7025 | D:8      | Reached skill level 3 in Shields
  7033 | D:8      | Found a staircase to the Lair.
  7035 | D:8      | Reached skill level 4 in Shields
  7144 | D:8      | Identified the +8 short sword "Igusel" {freeze, *Rage rN++
                  | Dex+4}
  7152 | D:8      | Reached skill level 8 in Fighting
  7152 | D:8      | Reached XP level 11. HP: 54/68 MP: 1/12
  7323 | D:8      | Found a hazy altar of Hepliaklqana.
  7433 | D:8      | Found a shimmering altar of Xom.
  7798 | D:9      | Reached skill level 12 in Axes
  7798 | D:9      | Reached skill level 5 in Shields
  7877 | D:9      | Found a staircase to the Orcish Mines.
  8056 | D:9      | Found a broken altar of Ashenzari.
  8268 | D:9      | Noticed a two-headed ogre
  8273 | D:9      | Killed a two-headed ogre
  8595 | D:10     | Entered Level 10 of the Dungeon
  8662 | D:10     | Reached ***** piety under Trog
  8721 | D:10     | Found Iffad's Antique Armour Shoppe.
  8723 | D:10     | Reached skill level 6 in Shields
  9084 | D:10     | Noticed a two-headed ogre
  9088 | D:10     | Killed a two-headed ogre
  9133 | D:10     | Reached skill level 13 in Axes
  9317 | D:10     | Reached skill level 7 in Shields
  9595 | D:10     | Identified 2 potions of resistance
  9704 | Lair:1   | Entered Level 1 of the Lair of Beasts
  9719 | Lair:1   | Reached skill level 9 in Fighting
  9950 | Lair:1   | Reached XP level 12. HP: 76/76 MP: 5/13
 10271 | Lair:1   | Reached skill level 8 in Shields
 10273 | Lair:1   | Received a gift from Trog
 10715 | Lair:1   | Noticed a six-headed hydra
 10741 | Lair:1   | Killed a six-headed hydra
 10742 | Lair:1   | Reached skill level 14 in Axes
 11283 | Lair:1   | Noticed Gastronok
 12072 | Lair:1   | Killed Gastronok
 12682 | Lair:2   | Found a frozen archway.
 12799 | IceCv    | Entered an ice cave
 12810 | IceCv    | Reached skill level 9 in Shields
 13588 | IceCv    | HP: 8/115 [anaconda simulacrum (16)]
 13938 | IceCv    | Identified the +2 morningstar of Gevir {flame, rN+}
 14091 | Lair:2   | Noticed Nergalle
 14125 | Lair:2   | Killed Nergalle
 14126 | Lair:2   | Reached skill level 10 in Fighting
 14421 | Lair:2   | Identified the +0 robe "Woadollo" {Dex+4}
 14444 | Lair:2   | Noticed Amaemon
 14458 | Lair:2   | Killed Amaemon
 14534 | Lair:2   | Noticed a boulder beetle
 14544 | Lair:2   | Killed a boulder beetle
 14545 | Lair:2   | Reached skill level 15 in Axes
 14545 | Lair:2   | Reached skill level 10 in Shields
 14725 | Lair:2   | Reached XP level 13. HP: 82/82 MP: 10/14
 14961 | Lair:3   | Found a hole to the Spider Nest.
 15424 | Lair:3   | Reached skill level 8 in Armour
 15424 | Lair:3   | Reached skill level 8 in Dodging
 15825 | Lair:3   | Found a staircase to the Swamp.
 15848 | Lair:3   | Received a gift from Trog
 16221 | Lair:3   | Reached skill level 16 in Axes
 16639 | D:10     | Bought a pitted chain mail for 294 gold pieces
 16639 | D:10     | Identified the +6 chain mail of Cloud Cover {Regen+ rCorr
                  | Slay-2 Stlth-} (You bought it in a shop on level 10 of the
                  | Dungeon)
 16934 | Lair:4   | Reached skill level 9 in Dodging
 16936 | Lair:4   | Reached skill level 9 in Armour
 17191 | Lair:4   | Noticed Nessos
 17202 | Lair:4   | Killed Nessos
 17203 | Lair:4   | Reached skill level 11 in Fighting
 17578 | Lair:4   | Noticed Rupert
 17593 | Lair:4   | Killed Rupert
 17845 | Lair:5   | Entered Level 5 of the Lair of Beasts
 17872 | Lair:5   | Reached XP level 14. HP: 90/90 MP: 0/15
 17997 | Lair:5   | Found a staircase to the Slime Pits.
 17997 | Lair:5   | Found a viscous altar of Jiyva.
 18036 | Lair:5   | Reached skill level 10 in Dodging
 18092 | Lair:5   | Reached skill level 10 in Armour
 18279 | Lair:5   | Reached skill level 12 in Fighting
 18367 | Lair:5   | Reached skill level 13 in Fighting
 19156 | Lair:5   | Reached skill level 14 in Fighting
 20051 | Orc:1    | Entered Level 1 of the Orcish Mines
 20320 | Orc:2    | Entered Level 2 of the Orcish Mines
 20695 | Orc:2    | Noticed an orc warlord
 20702 | Orc:2    | Killed an orc warlord
 20703 | Orc:2    | Reached XP level 15. HP: 101/101 MP: 14/16
 20716 | Orc:2    | Found Retacaj's Jewellery Boutique.
 20785 | Orc:2    | Found Ceuq's Antique Armour Shoppe.
 20801 | Orc:2    | Received a gift from Trog
 21293 | Orc:2    | Found a staircase to the Elven Halls.
 21297 | Orc:2    | Noticed Maurice
 21316 | Orc:2    | Killed Maurice
 21436 | Orc:2    | Found Keosch's General Store.
 21684 | Orc:2    | Found Ulat's Antique Weapon Shoppe.
 21959 | Orc:1    | Reached skill level 15 in Fighting
 22308 | D:11     | Identified the ring "Vuesusao" {rPois rN+ Slay+2}
 22736 | D:11     | Reached skill level 11 in Armour
 22736 | D:11     | Reached skill level 11 in Dodging
 23164 | D:12     | Found Caboxet's Book Shop.
 24330 | D:13     | Received a gift from Trog
 24585 | D:13     | Noticed Lodul
 24602 | D:13     | Killed Lodul
 25027 | D:14     | Found a gate to the Vaults.
 25031 | D:14     | Reached skill level 17 in Axes
 25403 | D:14     | Received a gift from Trog
 25457 | D:14     | You are sucked into a shaft and drop 1 floor!
 25457 | D:15     | Entered Level 15 of the Dungeon
 25890 | D:14     | Reached skill level 12 in Armour
 25890 | D:14     | Reached skill level 12 in Dodging
 26198 | D:14     | Reached skill level 11 in Shields
 26198 | D:14     | Reached XP level 16. HP: 104/108 MP: 0/17
 27159 | D:15     | Found a staircase to the Depths.
 27456 | D:15     | Received a gift from Trog
 27813 | D:15     | Reached skill level 13 in Armour
 28455 | Swamp:1  | Entered Level 1 of the Swamp
 28612 | Swamp:1  | Reached skill level 13 in Dodging
 28711 | Swamp:1  | Identified the +6 morningstar of Brutal Revenge {elec,
                  | rElec}
 29147 | Swamp:1  | Reached skill level 12 in Shields
 29370 | Swamp:1  | Noticed a thorn hunter
 29389 | Swamp:1  | Killed a thorn hunter
 29390 | Swamp:1  | Reached skill level 18 in Axes
 29864 | Swamp:2  | Noticed a thorn hunter
 29875 | Swamp:2  | Killed a thorn hunter
 30029 | Swamp:2  | Reached XP level 17. HP: 112/113 MP: 0/18
 30889 | Swamp:3  | Reached skill level 14 in Armour
 30901 | Swamp:3  | Reached skill level 14 in Dodging
 31322 | Swamp:4  | Entered Level 4 of the Swamp
 31428 | Swamp:3  | Reached skill level 13 in Shields
 31779 | Swamp:4  | Received a gift from Trog
 37010 | Swamp:4  | Received a gift from Trog
 37324 | Swamp:4  | Reached skill level 15 in Armour
 37396 | Swamp:4  | Got a decaying rune of Zot
 37633 | Spider:1 | Entered Level 1 of the Spider Nest
 37710 | Spider:1 | Reached skill level 15 in Dodging
 37723 | Lair:3   | Reached XP level 18. HP: 112/120 MP: 0/19
 38577 | Spider:1 | Reached skill level 14 in Shields
 39278 | Spider:1 | Identified the +8 morningstar of Valour {antimagic, rElec
                  | rC+ Will+ Str+4}
 39582 | Spider:1 | Received a gift from Trog
 39622 | Spider:1 | Reached skill level 16 in Fighting
 40687 | Spider:2 | Identified the ring of Masug {rF+ Will+ rCorr}
 41826 | Spider:2 | Reached skill level 15 in Shields
 42042 | Spider:3 | Reached skill level 17 in Fighting
 42454 | Spider:3 | Reached skill level 1 in Stealth
 42752 | Spider:3 | Reached skill level 2 in Stealth
 42925 | Spider:3 | Reached ****** piety under Trog
 42929 | Spider:3 | Reached skill level 3 in Stealth
 43006 | Spider:3 | Received a gift from Trog
 43213 | Spider:4 | Entered Level 4 of the Spider Nest
 43281 | Spider:4 | Reached skill level 4 in Stealth
 44825 | Spider:4 | Reached skill level 5 in Stealth
 45137 | Spider:4 | Reached XP level 19. HP: 71/129 MP: 1/20
 45769 | Spider:4 | Reached skill level 6 in Stealth
 46500 | Spider:4 | Reached skill level 18 in Fighting
 46580 | Spider:4 | Received a gift from Trog
 47338 | Spider:4 | Got a gossamer rune of Zot
 47703 | Vaults:1 | Entered Level 1 of the Vaults
 47714 | Vaults:1 | Reached skill level 7 in Stealth
 47951 | Vaults:1 | Reached skill level 8 in Stealth
 48699 | Vaults:1 | Received a gift from Trog
 48700 | Vaults:1 | Reached skill level 9 in Stealth
 49243 | Vaults:1 | Reached skill level 19 in Fighting
 49640 | Vaults:2 | Found Zeuvuf's General Store.
 49661 | Vaults:2 | Reached skill level 10 in Stealth
 50299 | Vaults:2 | Found a staircase to the Crypt.
 50392 | Vaults:2 | Reached XP level 20. HP: 140/140 MP: 2/21
 50748 | Vaults:2 | Reached skill level 20 in Fighting
 50905 | Vaults:2 | Received a gift from Trog
 50907 | Vaults:2 | Identified the +5 plate armour "Camyogunk" {+Blink Will+}
 52587 | Vaults:3 | Reached skill level 16 in Armour
 52734 | Vaults:3 | Reached skill level 16 in Dodging
 53114 | Vaults:3 | You are sucked into a shaft and drop 1 floor!
 53607 | Vaults:3 | Reached skill level 16 in Shields
 53612 | Vaults:3 | Received a gift from Trog
 54029 | Vaults:4 | Identified a +1 robe of resistance
 54692 | Vaults:4 | Reached XP level 21. HP: 146/146 MP: 3/22
 54821 | Vaults:4 | Noticed Xtahua
 54837 | Vaults:4 | Killed Xtahua
 54886 | Vaults:4 | Killed from afar by an ironbound thunderhulk

Vanquished Creatures
  Rupert (Lair:4)
  2 sphinxes
  Gastronok (Lair:1)
  7 thorn hunters
  3 fenstrider witches (Swamp:4)
  7 emperor scorpions
  6 vault wardens
  4 ghost moths
  3 broodmothers (Spider:4)
  An orc warlord (Vaults:4)
  A formless jellyfish (Vaults:1)
  6 ironbound thunderhulks
  12 ironbound preservers
  A stone giant (Vaults:4)
  3 vampire knights (Vaults:2)
  2 war gargoyles (Vaults:3)
  Nessos (Lair:4)
  8 eleionomae
  A spark wasp (Spider:4)
  5 dire elephants
  8 bunyips
  2 crystal guardians (Vaults:3)
  A green death (Swamp:4)
  8 yaktaur captains
  4 entropy weavers
  4 great orbs of eyes
  8 hydras
  5 vault guards
  2 peacekeepers (Vaults:3)
  16 centaur warriors
  6 radroaches
  5 ironbound frosthearts
  5 catoblepae
  A spriggan air mage (Swamp:4)
  5 ogre magi
  A sphinx zombie (D:15)
  2 death knights
  11 alligators
  8 boulder beetles
  9 demonic crawlers
  12 two-headed ogres
  10 death yaks
  A vampire mage (D:15)
  A tengu warrior (D:13)
  3 orc high priests
  A storm dragon zombie (Vaults:1)
  Nergalle (Lair:2)
  A titan zombie (Vaults:4)
  3 soul eaters (Swamp:4)
  Amaemon (Lair:2)
  A titan skeleton (Vaults:1)
  Lodul (D:13)
  3 skeletal warriors (D:15)
  2 goliath frogs
  7 orb spiders
  4 pharaoh ants
  2 swamp dragons
  A spark wasp zombie (D:15)
  2 death drakes
  2 spriggan druids (Swamp:4)
  A sun moth (Spider:3)
  5 bog bodies
  35 deep trolls
  11 arcanists
  A mana viper (shapeshifter) (Vaults:1)
  3 steelbarb worms (Spider:3)
  3 deep elf pyromancers
  Pikel (D:6)
  15 ironbound convokers
  4 deep elf zephyrmancers
  A phantasmal warrior (Vaults:1)
  4 necromancers
  21 wolf spiders
  7 wolf spider zombies (Spider:3)
  15 lindwurms
  6 orc knights
  A wolf spider (shapeshifter) (Vaults:1)
  5 orc sorcerers
  29 ugly things
  A human zombie (Vaults:4)
  A will-o-the-wisp (Swamp:4)
  A shadow dragon skeleton (Vaults:4)
  7 cyclopes
  5 moths of wrath
  7 manticores
  Maurice (Orc:2)
  A moth of wrath (shapeshifter) (D:14)
  5 kobold blastminers
  A meliai (Spider:4)
  15 elephants
  3 ice statues (IceCv)
  6 torpor snails
  A smoke demon (Swamp:4)
  9 vault sentinels
  A water nymph (shapeshifter) (Vaults:3)
  4 black mambas
  9 cane toads
  An unseen horror (D:12)
  Maggie (D:7)
  24 yaktaurs
  2 orange demons
  Jeremiah (D:6)
  3 kobold demonologists
  2 efreet
  4 rime drakes
  3 freezing wraiths (D:15)
  4 komodo dragons
  An anaconda simulacrum (IceCv)
  2 tengu conjurers (D:14)
  10 trolls
  A queen bee (shapeshifter) (D:13)
  A queen bee (D:11)
  11 polar bears
  A polar bear (shapeshifter) (D:15)
  Grinder (D:6)
  24 tarantellas
  6 wolf spider simulacra (Spider:3)
  9 tyrant leeches
  2 hellwings (Swamp:4)
  16 hornets
  24 blink frogs
  9 dream sheep (Lair:5)
  30 jumping spiders
  22 culicivoras
  15 slime creatures
  Sigmund (D:2)
  2 dire elephant simulacra (IceCv)
  2 shadows
  10 spriggans
  7 wyverns
  3 wraiths
  60 yaks
  39 redbacks
  5 basilisks
  4 wargs
  2 death yak simulacra (IceCv)
  14 vampire mosquitoes
  Edmund (D:6)
  Menkaure (D:7)
  3 chaos spawn (Swamp:4)
  15 swamp worms
  2 acid dragons
  Duvessa (D:6)
  12 water moccasins
  A water moccasin (shapeshifter) (D:14)
  22 orc warriors
  2 ice beasts
  A swamp drake (Swamp:2)
  3 black bears
  6 ogres
  2 wolves (D:8)
  4 boggarts (D:15)
  15 centaurs
  2 phantoms
  4 kobold brigands
  A bullfrog (Lair:1)
  An ogre simulacrum (Vaults:1)
  A gnoll sergeant (D:7)
  An earth elemental (Swamp:1)
  5 scorpions
  Dowan (D:6)
  A cane toad simulacrum (IceCv)
  8 wights
  4 elephant simulacra (IceCv)
  A howler monkey (D:7)
  26 killer bees
  2 bombardier beetles (D:6)
  11 electric eels
  6 hounds
  14 orc priests
  3 jellies
  Crazy Yiuf (D:4)
  2 sleepcaps
  3 iguanas
  17 orc wizards
  5 gnolls (D:7)
  8 adders
  17 white imps
  An ufetubus (Vaults:1)
  A ribbon worm (D:3)
  4 dart slugs
  67 orcs
  6 endoplasms
  14 giant cockroaches
  9 goblins
  6 hobgoblins
  7 jackals
  A quokka (D:1)
  7 ball pythons
  7 bats
  4 frilled lizards
  A goblin skeleton (D:4)
  6 hobgoblin zombies (D:4)
  32 kobolds
  A kobold skeleton (D:4)
  3 kobold zombies (D:4)
  2 orc skeletons (D:4)
  3 orc zombies (D:4)
  6 rats
1294 creatures vanquished.

Vanquished Creatures (collateral kills)
  Xtahua (Vaults:4)
  An orc warlord (Orc:2)
  A spriggan (Swamp:3)
  An ironbound convoker (Vaults:4)
  2 wolf spiders (Spider:4)
  2 hornets (Swamp:3)
  A wraith (D:13)
  An orc warrior (Orc:2)
  6 ogres (D:13)
  An orc priest (Orc:2)
  An orc (Orc:2)
18 creatures vanquished.

Vanquished Creatures (others)
  A fenstrider witch (Swamp:4)
  A hydra (Swamp:3)
  A hell beast (Swamp:4)
  4 bloated husks
  A water elemental (D:14)
  2 foxfires (Swamp:4)
10 creatures vanquished.

Grand Total: 1322 creatures vanquished

Table legend: (Time is in decaauts)
 A = Elapsed time spent in this place.
 B = Non-inter-level travel time spent in this place.
 C = Inter-level travel time spent in this place.
 D = Time resting spent in this place.
 E = Time spent auto-exploring this place.
 F = Levels seen in this place.
 G = Mean time per level.
                   A        B        C        D        E       F      G
               +--------+--------+--------+--------+--------+-----+--------+
         Total |  54638 |  52208 |   2430 |  22204 |  21310 |  35 | 1561.1 |
       Dungeon |  16783 |  15219 |   1564 |   3211 |   9159 |  15 | 1118.9 |
          Lair |   8945 |   8521 |    424 |   2855 |   4451 |   5 | 1789.0 |
         Swamp |   9048 |   8903 |    145 |   6159 |   1413 |   4 | 2262.0 |
   Spider Nest |   9624 |   9508 |    116 |   5820 |   2196 |   4 | 2406.0 |
  Orcish Mines |   2008 |   1944 |     64 |    634 |    908 |   2 | 1004.0 |
        Vaults |   7040 |   6926 |    114 |   2557 |   3183 |   4 | 1760.0 |
      Ice Cave |   1186 |   1186 |      0 |    967 |      0 |   1 | 1186.0 |
               +--------+--------+--------+--------+--------+-----+--------+

Top non-repeatable levels by time:
 Swamp:4: 5353 daAuts
Spider:4: 4193 daAuts
  Lair:1: 2888 daAuts
Spider:1: 2767 daAuts
Vaults:3: 2573 daAuts
  Lair:5: 2084 daAuts
    D:15: 1963 daAuts
Vaults:1: 1867 daAuts
Vaults:2: 1751 daAuts
  Lair:3: 1655 daAuts
     D:6: 1568 daAuts
 Swamp:3: 1523 daAuts
Spider:3: 1445 daAuts
   Orc:2: 1372 daAuts
     D:7: 1319 daAuts

Table legend:
 A = Non-vault XP
 B = Vault XP
 C = Vault XP percentage of total XP
 D = Non-vault monster count
 E = Vault monster count
 F = Vault count percentage of total count
                 A         B        C        D         E       F
            +---------+---------+-------+---------+---------+-------
      Total |  291428 |  206183 |  41.4 |     866 |     451 |  34.2
            +---------+---------+-------+---------+---------+-------
        D:1 |      28 |       0 |   0.0 |      19 |       0 |   0.0
        D:2 |      88 |     223 |  71.7 |      29 |       1 |   3.3
        D:3 |      49 |      39 |  44.3 |      16 |      17 |  51.5
        D:4 |     536 |      65 |  10.8 |      25 |      18 |  41.9
        D:5 |     521 |       0 |   0.0 |      19 |       0 |   0.0
        D:6 |    1460 |    1716 |  54.0 |      31 |       6 |  16.2
        D:7 |    1511 |     567 |  27.3 |      20 |       2 |   9.1
        D:8 |    2256 |     672 |  23.0 |      29 |       8 |  21.6
        D:9 |    2373 |       0 |   0.0 |      16 |       0 |   0.0
       D:10 |    4008 |     211 |   5.0 |      32 |       1 |   3.0
       D:11 |    2115 |    1750 |  45.3 |      14 |      24 |  63.2
       D:12 |    4232 |       0 |   0.0 |      12 |       0 |   0.0
       D:13 |    6605 |    1575 |  19.3 |      22 |       8 |  26.7
       D:14 |    8877 |    8405 |  48.6 |      24 |      19 |  44.2
       D:15 |   20212 |    9660 |  32.3 |      42 |      15 |  26.3
     Lair:1 |    2047 |    6259 |  75.4 |      10 |      15 |  60.0
     Lair:2 |     815 |    2890 |  78.0 |       3 |      16 |  84.2
     Lair:3 |    7415 |    4364 |  37.0 |      18 |      15 |  45.5
     Lair:4 |    7628 |    2727 |  26.3 |      26 |       2 |   7.1
     Lair:5 |   16445 |   14360 |  46.6 |      58 |      30 |  34.1
    Swamp:1 |    9123 |     214 |   2.3 |      19 |       2 |   9.5
    Swamp:2 |   14651 |       0 |   0.0 |      24 |       0 |   0.0
    Swamp:3 |   13705 |    1742 |  11.3 |      29 |       2 |   6.5
    Swamp:4 |   12816 |   27145 |  67.9 |      20 |      34 |  63.0
   Spider:1 |   10793 |    6531 |  37.7 |      30 |      20 |  40.0
   Spider:2 |   12077 |    3811 |  24.0 |      28 |       9 |  24.3
   Spider:3 |   19444 |    8661 |  30.8 |      40 |      18 |  31.0
   Spider:4 |   10368 |   18196 |  63.7 |      24 |      37 |  60.7
      Orc:1 |    3820 |       0 |   0.0 |      25 |       0 |   0.0
      Orc:2 |    1663 |    9438 |  85.0 |      26 |      24 |  48.0
   Vaults:1 |   29413 |   18142 |  38.1 |      42 |      28 |  40.0
   Vaults:2 |   23298 |   15320 |  39.7 |      34 |      21 |  38.2
   Vaults:3 |   31024 |   22318 |  41.8 |      46 |      27 |  37.0
   Vaults:4 |   10012 |   15370 |  60.6 |      14 |      17 |  54.8
      IceCv |       0 |    3812 | 100.0 |       0 |      15 | 100.0
            +---------+---------+-------+---------+---------+-------
